 Dungeon Crawl Stone Soup version bcrawl-1.27.1b (webtiles) character file.

Game seed: 7418871368593858880

269016 MisterOstroum the Transmogrifier (level 10, -2/88 HPs)
             Began as a Centaur Transmuter on July 21, 2020.
             Was a Follower of Sif Muna.
             Slain by a hippogriff (7 damage)
             ... on level 8 of the Dungeon.
             The game lasted 00:35:00 (11022 turns).

MisterOstroum the Transmogrifier (CeTm)            Turns: 11022, Time: 00:35:01

Health: -2/88      AC:  2    Str: 16    XL:     10   Next: 69%
Magic:  14/16      EV: 21    Int: 16    God:    Sif Muna [*.....]
Gold:   403        SH:  0    Dex: 14    Spells: 4/17 levels left

rFire    . . .     SeeInvis .     - Fangs (venom) (16.5)
rCold    + . .     Gourm    .   (shield currently unavailable)
rNeg     . . .     Faith    .   (armour currently unavailable)
rPois    x         Spirit   .   (helmet currently unavailable)
rElec    .         Reflect  .   (cloak currently unavailable)
rCorr    .         Harm     .   (gloves currently unavailable)
MR       +....                  (no barding)
Stlth    +.........             (no amulet)
HPRegen  0.24/turn              w - ring of protection from magic
MPRegen  0.15/turn              v - ring of protection from cold

@: about to teleport, spider-form, very slightly contaminated
A: tiny, herbivore
a: End Transformation, Divine Energy, Renounce Religion


You were on level 8 of the Dungeon.
You worshipped Sif Muna.
Sif Muna was aware of your devotion.
You were not hungry.
You were a venomous arachnid creature.
You visited 2 branches of the dungeon, and saw 9 of its levels.
You also visited: Sewer.

You collected 403 gold pieces.

Inventory:

Hand Weapons
 b - a +1 hunting sling (melded)
 c - a +0 dagger
Missiles
 n - 1228 stones
 o - 676 arrows
 p - 155 poisoned tomahawks (quivered)
 y - 611 sling bullets
 A - 2 throwing nets {=f!f}
Armour
 l - a +0 robe (melded)
 t - a +0 hat (melded)
 E - a +0 pair of gloves of strength (melded)
 F - a +0 troll leather armour
Jewellery
 i - an uncursed ring of protection from fire
 v - a ring of protection from cold (right front leg)
 w - a ring of protection from magic (left front leg)
Wands
 G - a wand of acid (6)
Scrolls
 f - a scroll of fog {unknown}
 g - 6 scrolls of amnesia
 j - 5 scrolls of remove curse {@r2}
 q - a scroll of teleportation {@r3 !r}
 s - 2 scrolls of blinking {unknown}
 u - 2 scrolls of enchant weapon
 B - a scroll of enchant armour {unknown}
 C - a scroll of magic mapping {unknown}
 H - a scroll of identify {@r1}
Potions
 a - 2 potions of resistance
 d - 2 potions of lignification {@q6}
 k - 5 potions of flight
 m - 5 potions of curing {@q1 !q}
 r - 2 potions of degeneration
 x - 2 potions of haste {@q4 !q}
 z - a potion of agility {@q5 !q}
 D - a potion of mutation
 I - a potion of ambrosia {unknown}
Comestibles
 e - 5 rations {!d}


   Skills:
 + Level 7.7 Fighting
 + Level 4.0 Dodging
 * Level 7.5 Unarmed Combat
 - Level 4.0 Spellcasting
 - Level 2.3 Charms
 * Level 8.2 Transmutations
 + Level 5.0 Ice Magic
 - Level 3.5 Poison Magic


You had 4 spell levels left.
You knew the following spells:

 Your Spells              Type           Power        Failure   Level  Hunger
b - Sticks to Snakes      Tmut           ####....     4%          2    None
c - Spider Form           Tmut/Pois      ###          14%         3    ###....
d - Song of Slaying       Chrm           ##......     24%         2    None
e - Ice Form              Ice/Tmut       ###.....     26%         4    #####..
B - Blink                 Tloc           N/A          47%         2    None

Your spell library contained the following spells:

 Spells                   Type           Power        Failure   Level  Hunger
 Beastly Appendage        Tmut           ####..       3%          1    None
 Passwall                 Tmut/Erth      ###.....     14%         2    None
 Swiftness                Chrm/Air       #.......     34%         2    None
 Magic Dart               Conj           #...         36%         1    None
 Call Imp                 Summ           #.....       47%         2    None
 Searing Ray              Conj           #.......     47%         2    None
 Sublimation of Blood     Necr           #.........   47%         2    None
 Mephitic Cloud           Conj/Pois/Air  #.......     54%         3    ###....
 Conjure Flame            Conj/Fire      #.......     67%         3    ###....
 Blade Hands              Tmut           ####......   34%         5    ######.


Dungeon Overview and Level Annotations

Branches:
Dungeon (8/12)             Temple (1/1) D:6            Lair (0/6) D:7
    Orc: D:8-11

Altars:
Cheibriados
Fedhas
Gozag
Makhleb
Nemelex Xobeh
Okawaru
Ru
Sif Muna
Uskayaw

Annotations:
D:3 2 transporters, 2 exclusions
D:5 exclusion: door
D:7 1 runed door


Innate Abilities, Weirdness & Mutations

((You have hooves in place of feet.))
((Armour fits poorly on your strangely shaped body.))
You are a herbivore.
((You cover ground very quickly.))
((You have extremely tough skin. (AC +3)))


Message History

You bite the hippogriff!
The hippogriff is lightly wounded.
The hippogriff bites you. The hippogriff pecks you! The hippogriff claws you!
An adder comes into view.
You completely miss the hippogriff.
The hippogriff is lightly wounded.
The adder completely misses you. The hippogriff bites you.
The hippogriff pecks you. The hippogriff barely misses you.
You hit the hippogriff but do no damage.
The hippogriff is poisoned.
The hippogriff is lightly wounded.
The adder bites you. The adder barely misses you. The adder bites you.
You are poisoned.
The adder poisons you!
You feel sick.
You are too injured to fight recklessly!
You are too injured to fight recklessly!
You barely miss the hippogriff.
The hippogriff is moderately wounded.
You feel sick.
You feel sick.
You feel sick.
You feel sick.
You barely miss the hippogriff.
The hippogriff is heavily wounded.
The hippogriff bites you! The hippogriff closely misses you.
The hippogriff completely misses you.
You feel sick.
You bite the hippogriff!
The hippogriff looks more poisoned.
The hippogriff is heavily wounded.
The hippogriff bites you! The hippogriff closely misses you.
The hippogriff completely misses you.
Unknown command.
Unknown command.
You feel sick.
You feel sick.
You feel sick.
There is an open door, spattered with blood here.
You see here an adder corpse.
You feel sick. The hippogriff bites you!
* * * LOW HITPOINT WARNING * * *
The hippogriff misses you.
The hippogriff claws you but does no damage.
There is an open door here.
You feel sick.
You bite the adder!
You kill the adder!
Sif Muna accepts your kill. The hippogriff bites you!
* * * LOW HITPOINT WARNING * * *
The hippogriff pecks you but does no damage.
The hippogriff misses you.
You feel sick.
You are no longer poisoned.
A centaur comes into view.
The centaur shouts!
The centaur wields a +0 shortbow.
The centaur shoots an arrow.
The arrow hits you!
* * * LOW HITPOINT WARNING * * *
A crimson imp comes into view.
You hear a loud, deep croak!
Really quaff
h - a potion of heal wounds {@q2 !q}?
You feel much better.
The crimson imp shouts!
The crimson imp blinks!
The hippogriff bites you!
* * * LOW HITPOINT WARNING * * *
The hippogriff pecks you.
* * * LOW HITPOINT WARNING * * *
The hippogriff claws you but does no damage.
The centaur shoots an arrow.
The arrow barely misses you.
You hear a loud, deep croak!
The hippogriff looks more healthy.
A bullfrog comes into view.
You see here a spear.
Okay, then.
Unknown command.
The crimson imp blinks!
Really read
q - 2 scrolls of teleportation {@r3 !r}?
Okay, then.
Unknown command.
Okay, then.
Unknown command.
Casting: Spider Form (safe; 14% risk of failure)
Confirm with . or Enter, or press ? or * to list all spells.
You miscast Blink.
You are very lightly contaminated with residual magic.
Nothing appears to happen.
The hippogriff closely misses you. The hippogriff pecks you.
* * * LOW HITPOINT WARNING * * *
The hippogriff completely misses you.
Really read
q - 2 scrolls of teleportation {@r3 !r}?
As you read the scroll of teleportation {@r3 !r}, it crumbles to dust.
You feel strangely unstable.
The crimson imp shouts, "Get thee gone, thou villainous two-tin-hat bum-bailey!"
A bullfrog comes into view.
The hippogriff barely misses you. The hippogriff pecks you!
You die...

.####......########...##.#.......
## ##...#.# ##.###.##...... #
###...# ##########.###..... ##.##
#.......##.# ##...# #.# #.
#......#####+## #.# #.
#.#........# #.# #. #.#..#####.#
#.# #.###F#..##### #.#
#.sHFc5.......# #.#
#####.##..##.## ##### #.# #.##..#
....#####.# #....... ..........#
####.5### .##.####### #... ###.#
##.# ###.# ....#


You could see a hippogriff, 2 bullfrogs, a centaur and a crimson imp.

Vanquished Creatures
  A centaur warrior (D:8)
  An unseen horror (D:8)
  A cyclops (D:8)
  4 trolls
  A hornet (D:7)
  Prince Ribbit (D:7)
  A yak (D:7)
  A wraith (D:6)
  A hungry ghost (D:4)
  A water moccasin (D:6)
  Purgy (Sewer)
  4 sky beasts
  A black bear (D:5)
  3 orc warriors
  3 wolves
  3 ogres
  5 bullfrogs
  3 scorpions
  2 howler monkeys (D:6)
  2 electric eels (D:7)
  A bullfrog zombie (D:5)
  A crimson imp (D:5)
  A centaur zombie (D:6)
  A bullfrog skeleton (D:4)
  7 hounds
  3 jellies
  3 orc priests (D:8)
  4 orc wizards
  2 centaur skeletons
  An iguana (D:8)
  7 worker ants
  4 gnolls (D:4)
  A howler monkey skeleton (D:5)
  12 adders
  2 river rats (D:3)
  3 shadow imps
  2 oozes
  An adder zombie (D:7)
  3 worms
  A dart slug (D:4)
  2 leopard geckos
  11 orcs
  A ball python (D:3)
  5 giant cockroaches
  5 hobgoblins
  6 jackals
  8 kobolds
  2 quokkas
  9 frilled lizards
  2 quokka skeletons
  4 rats (D:3)
155 creatures vanquished.

Vanquished Creatures (collateral kills)
  A river rat (D:3)
  An orc (D:7)
2 creatures vanquished.

Vanquished Creatures (others)
  An orc wizard (D:8)
1 creature vanquished.

Grand Total: 158 creatures vanquished

Notes
Turn   | Place    | Note
-------+----------+-------------------------------------------
     0 | D:1      | MisterOstroum the Centaur Transmuter began the quest for
                  | the Orb.
     0 | D:1      | Reached XP level 1. HP: 16/16 MP: 3/3
   408 | D:1      | Reached skill level 2 in Transmutations
  1089 | D:2      | Reached XP level 2. HP: 8/23 MP: 3/5
  1792 | D:3      | Reached XP level 3. HP: 25/29 MP: 4/6
  1803 | D:3      | Found a transporter.
  1811 | D:3      | Found a transporter.
  1857 | D:3      | Found a sparkling altar of Nemelex Xobeh.
  1943 | D:3      | Learned a level 2 spell: Sticks to Snakes
  2045 | D:3      | Found a glowing drain.
  2048 | D:3      | Reached skill level 3 in Transmutations
  2107 | D:3      | Reached XP level 4. HP: 21/36 MP: 3/7
  2120 | D:3      | Learned a level 3 spell: Spider Form
  2121 | Sewer    | Entered a sewer
  2387 | Sewer    | Noticed Purgy
  2395 | Sewer    | Killed Purgy
  2395 | Sewer    | Reached XP level 5. HP: 27/44 MP: 2/9
  2774 | D:3      | Found a faded altar of an unknown god.
  2944 | D:3      | Reached skill level 4 in Transmutations
  3003 | D:3      | Found a sacrificial altar of Ru.
  3145 | D:3      | Noticed an ice beast
  3680 | D:4      | Reached XP level 6. HP: 24/51 MP: 10/10
  3842 | D:4      | Reached skill level 1 in Poison Magic
  3997 | D:4      | Noticed an orc warrior
  4018 | D:4      | Killed an orc warrior
  4043 | D:4      | Noticed a sky beast
  4043 | D:4      | Noticed a hungry ghost
  4076 | D:4      | Killed a sky beast
  4076 | D:4      | Reached XP level 7. HP: 58/58 MP: 12/12
  4277 | D:4      | Killed a hungry ghost
  4277 | D:4      | Reached skill level 5 in Transmutations
  4879 | D:5      | Entered Level 5 of the Dungeon
  5093 | D:4      | Reached XP level 8. HP: 34/67 MP: 14/14
  5273 | D:5      | Learned a level 2 spell: Blink
  5279 | D:5      | Learned a level 4 spell: Ice Form
  5566 | D:5      | Reached skill level 6 in Transmutations
  6252 | D:6      | Reached skill level 5 in Fighting
  6452 | D:6      | Reached skill level 1 in Ice Magic
  6546 | D:6      | Reached skill level 5 in Unarmed Combat
  7240 | D:6      | Found a staircase to the Ecumenical Temple.
  7249 | Temple   | Entered the Ecumenical Temple
  7255 | Temple   | Became a worshipper of Sif Muna the Loreminder
  7356 | D:6      | Reached XP level 9. HP: 57/74 MP: 15/15
  7403 | D:7      | Found a snail-covered altar of Cheibriados.
  7745 | D:7      | Reached * piety under Sif Muna
  7745 | D:7      | Reached skill level 7 in Transmutations
  7749 | D:7      | Identified Sif Muna's Rites and Rhymes in Simple Steps (Sif
                  | Muna gifted it to you on level 7 of the Dungeon)
  7749 | D:7      | Received a gift from Sif Muna
  7762 | D:7      | Noticed a troll
  7971 | D:7      | Learned a level 2 spell: Song of Slaying
  7991 | D:7      | Killed a troll
  8146 | D:7      | Noticed a troll
  8211 | D:7      | Noticed a troll
  8254 | D:7      | Killed a troll
  8438 | D:7      | Killed a troll
  8628 | D:7      | Found a burning altar of Makhleb.
  8680 | D:7      | Noticed Prince Ribbit
  9069 | D:8      | Noticed a centaur warrior
  9083 | D:8      | Killed a centaur warrior
  9083 | D:8      | Reached XP level 10. HP: 16/86 MP: 10/16
  9235 | D:8      | Reached skill level 5 in Ice Magic
  9257 | D:8      | Noticed a cyclops
  9417 | D:7      | Found a staircase to the Lair.
  9621 | D:7      | Found a runed door.
  9694 | D:7      | Killed Prince Ribbit
  9729 | D:7      | Reached skill level 1 in Charms
 10110 | D:8      | Killed a cyclops
 10110 | D:8      | Reached skill level 8 in Transmutations
 10272 | D:8      | HP: 3/86 [something (8)]
 10274 | D:8      | Killed an unseen horror
 10662 | D:8      | Noticed a skeletal warrior
 11013 | D:8      | HP: 3/88 [centaur/arrow (11)]
 11021 | D:8      | HP: 4/88 [hippogriff (5)]
 11022 | D:8      | Slain by a hippogriff

Skill      XL: |  1  2  3  4  5  6  7  8  9 10 |
---------------+-------------------------------+-----
Transmutations | 2 3 4 5 6 7 8 |  8.2
Fighting       | 2 3 4 5 7 |  7.7
Spellcasting   | 3 4 |  4.0
Poison Magic   | 1 2 3 |  3.5
Unarmed Combat | 4 5 6 7 |  7.5
Ice Magic      | 2 4 5 |  5.0
Dodging        | 2 3 4 |  4.0
Charms         | 2 |  2.3

Action                   |  1- 3 |  4- 6 |  7- 9 | 10-12 || total
-------------------------+-------+-------+-------+-------++-------
Melee: Unarmed           |    95 |    73 |   228 |    93 ||   489
       Kick              |    10 |    18 |    12 |       ||    40
       Headbutt          |     4 |     3 |     6 |       ||    13
       Dagger            |    15 |    40 |     6 |       ||    61
 Fire: Hunting sling     |       |       |    91 |     3 ||    94
Throw: Stone             |       |     8 |     5 |       ||    13
       Tomahawk          |       |    11 |    57 |    11 ||    79
 Cast: Beastly Appendage |    12 |     7 |     5 |       ||    24
       Sticks to Snakes  |     4 |       |     5 |     5 ||    14
       Spider Form       |       |     8 |    11 |     4 ||    23
       Ice Form          |       |       |     2 |     2 ||     4
       Blink             |       |       |     1 |       ||     1
       Song of Slaying   |       |       |     2 |     2 ||     4
 Abil: End Transformatio |       |     1 |     6 |     5 ||    12
Evoke: Wand              |       |       |     2 |       ||     2
  Use: Potion            |     1 |       |     1 |     2 ||     4
       Scroll            |     3 |     2 |     4 |     5 ||    14
 Stab: Distracted        |     1 |       |     1 |     1 ||     3
  Eat: Ration            |     1 |     3 |     9 |     2 ||    15
Armor: Robe              |    29 |    19 |    19 |     5 ||    72
       Skin              |       |     3 |    13 |     4 ||    20
Dodge: Dodged            |    37 |    72 |   213 |    84 ||   406
Block: Other             |       |       |     1 |     1 ||     2
